 Dungeon Crawl Stone Soup version 0.24.0-10-g970556be89 (webtiles) character file.

Game seed: 2770670874823295103, levelgen mode: deterministic

7598 Monsterracer the Cleaver (level 10, -5/92 HPs)
             Began as a Deep Dwarf Fighter on Nov 3, 2019.
             Was a High Priest of Makhleb.
             Slain by a nine-headed hydra (6 damage)
             ... on level 1 of the Lair of Beasts.
             The game lasted 00:05:45 (7797 turns).

Monsterracer the Cleaver (Deep Dwarf Fighter)       Turns: 7797, Time: 00:05:45

Health: -5/92      AC: 12    Str: 22    XL:     10   Next: 97%
Magic:  10/10      EV:  7    Int: 10    God:    Makhleb [*****.]
Gold:   510        SH: 12    Dex: 12    Spells: 9/9 levels left

rFire    + . .     SeeInvis +   a - +0 war axe
rCold    . . .     Gourm    .   o - +1 shield
rNeg     . . .     Faith    +   y - +0 chain mail
rPois    .         Spirit   .   (no helmet)
rElec    .         Reflect  .   s - +0 cloak
rCorr    .         Harm     .   (no gloves)
MR       +....                  (no boots)
Stlth    ..........             n - amulet of faith
HPRegen  0.00/turn              S - ring of see invisible
MPRegen  0.12/turn              F - ring of protection from fire

@: lethally poisoned (-5 -> -5), non-regenerating
A: damage resistance, heal wounds, sense surroundings 2, no regeneration
a: Heal Wounds, Minor Destruction, Lesser Servant of Makhleb, Major Destruction,
Greater Servant of Makhleb, Renounce Religion


You were on level 1 of the Lair of Beasts.
You worshipped Makhleb.
Makhleb was extremely pleased with you.
You were very hungry.

You visited 3 branches of the dungeon, and saw 12 of its levels.

You collected 720 gold pieces.
You spent 210 gold pieces at shops.

Inventory:

Hand Weapons
 a - a +0 war axe (weapon)
 b - a +2 hand axe of flaming
   (You took it off an orc on level 7 of the Dungeon)
 w - a +0 battleaxe
   (You took it off an orc warrior on level 8 of the Dungeon)
Armour
 o - a +1 shield (worn)
 s - a +0 cloak (worn)
   (You found it on level 7 of the Dungeon)
 y - a +0 chain mail (worn)
   (You found it on level 4 of the Dungeon)
Jewellery
 n - an amulet of faith (around neck)
   (You found it on level 2 of the Dungeon)
 F - a ring of protection from fire (right hand)
   (You took it off a gnoll on level 3 of the Dungeon)
 S - a ring of see invisible (left hand)
   (You found it on level 2 of the Dungeon)
Wands
 k - a wand of digging (3)
   (You found it on level 3 of the Dungeon)
 l - a wand of clouds (7)
   (You found it on level 8 of the Dungeon)
 q - a wand of scattershot (12)
   (You found it on level 4 of the Dungeon)
 x - a wand of acid (20)
   (You found it on level 4 of the Dungeon)
 A - a wand of iceblast (5)
   (You found it on level 4 of the Dungeon)
Scrolls
 f - 2 scrolls of identify
 p - 4 scrolls of enchant weapon
 r - a scroll of remove curse
 t - 4 scrolls of teleportation {!r}
 D - 2 scrolls of fog {!r}
 X - a scroll of blinking
Potions
 d - 3 potions of heal wounds
 e - 6 potions of curing
 g - a potion of flight
 h - 2 potions of haste
 i - a potion of resistance
 j - a potion of might
 m - 3 potions of lignification
 u - 3 potions of agility
 v - a potion of berserk rage {!q}
 B - a potion of ambrosia {!q}
 C - a potion of mutation {!q}
Comestibles
 c - 22 rations


   Skills:
 + Level 6.9 Fighting
 * Level 11.0 Axes
 + Level 8.3 Armour
 + Level 8.4 Shields
 + Level 7.4 Invocations
 + Level 4.1 Evocations


You had 9 spell levels left.
You didn't know any spells.
Your spell library was empty.

Dungeon Overview and Level Annotations

Branches:
Dungeon (10/15)            Temple (1/1) D:5            Lair (1/6) D:10
    Orc: D:9-12

Altars:
Ashenzari
Cheibriados
Dithmenos
Elyvilon
Fedhas
Gozag
Hepliaklqana
Kikubaaqudgha
Makhleb
Nemelex Xobeh
Okawaru
Qazlal
Ru
Sif Muna
Trog
Uskayaw
Vehumet
Wu Jian
Xom
Yredelemnul
Zin
The Shining One

Shops:
D:4 !   D:6 (


Innate Abilities, Weirdness & Mutations

You are resistant to damage.
You can heal yourself by infusing magical energy.
You passively map the area around you.
You do not regenerate.


Message History

The orc warrior is lightly wounded.
The orc warrior hits you with a +0 war axe!
You hit the orc warrior but do no damage.
The orc warrior is lightly wounded.
You hit the yak but do no damage.
The orc warrior hits you with a +0 war axe!!
* * * LOW HITPOINT WARNING * * *
The yak gores you!
* * * LOW HITPOINT WARNING * * *
You fail to use your ability.
The orc warrior hits you but does no damage.
The yak barely misses you.
Unknown command.
You fail to use your ability.
The orc warrior hits you with a +0 war axe!!
* * * LOW HITPOINT WARNING * * *
The yak gores you but does no damage.
Unknown command.
You feel much better.
You are feeling very hungry.
You block the yak's attack. The yak gores you but does no damage.
The orc warrior hits you but does no damage.
The yak gores you!
* * * LOW HITPOINT WARNING * * *
The orc warrior hits you with a +0 war axe.
Found a ration.
A spiny frog comes into view.
The spiny frog moves out of view.
You block the spiny frog's attack.
A bullfrog comes into view.
You feel much better.
A porcupine comes into view.
The spiny frog stings you!
* * * LOW HITPOINT WARNING * * *
You are poisoned.
The spiny frog poisons you! You block the spiny frog's attack.
You feel much better. You block the spiny frog's attack.
You feel much better.
The spiny frog stings you but does no damage.
The bullfrog hits you but does no damage. x2
An eight-headed hydra comes into view.
You slice the spiny frog!!
The spiny frog is severely wounded.
You block the spiny frog's attack. The spiny frog stings you!!
You are more poisoned.
The spiny frog poisons you!
You hit the spiny frog but do no damage.
The spiny frog is severely wounded.
You feel sick. The spiny frog stings you!!
* * * LOW HITPOINT WARNING * * *
You slash the spiny frog!
The spiny frog is almost dead.
You hit the yak but do no damage.
You feel sick. You block the yak's attack. The spiny frog stings you.
Unknown command.
You closely miss the spiny frog.
The spiny frog is almost dead.
You closely miss the yak.
You feel sick.
A spiny frog comes into view.
The yak gores you but does no damage. You block the spiny frog's attack.
The spiny frog gives a loud, deep croak!
You hit the spiny frog.
You kill the spiny frog!
Makhleb accepts your kill.
Your Axes skill increases to level 11!
You hit the yak.
You hit the eight-headed hydra but do no damage.
The yak gores you but does no damage.
You block the eight-headed hydra's attack.
The eight-headed hydra bites you but does no damage.
You block the eight-headed hydra's attack.
The eight-headed hydra bites you but does no damage.
The eight-headed hydra bites you.
* * * LOW HITPOINT WARNING * * *
The eight-headed hydra bites you but does no damage.
The eight-headed hydra closely misses you.
The eight-headed hydra bites you.
* * * LOW HITPOINT WARNING * * *
The porcupine bites you.
* * * LOW HITPOINT WARNING * * *
Unknown command.
Unknown command.
You hit the yak.
The yak is lightly wounded.
You hack one of the eight-headed hydra's heads off!
The seven-headed hydra grows two more!
You slash the nine-headed hydra! You closely miss the porcupine.
You slash the yak! You block the yak's attack.
The nine-headed hydra bites you but does no damage.
You block the nine-headed hydra's attack.
The nine-headed hydra bites you!
* * * LOW HITPOINT WARNING * * *
The nine-headed hydra closely misses you.
The nine-headed hydra bites you.
* * * LOW HITPOINT WARNING * * *
You block the nine-headed hydra's attack.
The nine-headed hydra bites you!
* * * LOW HITPOINT WARNING * * *
The nine-headed hydra bites you!
You die...

** ,, , ,, ,
,........................ ,
...............[........
,.......%...............# ,
,........................ *
,,,............F...........
* ,
.......o................ *
......DYY............... *
* * #@#Y......<....... **
##r##.Y............ * **
*#.FY.oY............
.......##Y............. **
* #####..##..............
** #..##.............. *
#..##.............. *
*..................# * ,,
...................,


You could see a nine-headed hydra, 3 yaks, a spiny frog, an orc warrior, a
bullfrog and a porcupine.

Vanquished Creatures
  A two-headed ogre (D:8)
  A spiny frog (Lair:1)
  3 hippogriffs (D:7 D:8)
  2 wyverns (D:9)
  A human (D:8)
  Grum (D:9)
  Duvessa (D:7)
  3 orc warriors (D:7 D:8)
  2 sky beasts (D:5 D:7)
  3 black bears (D:8 D:9)
  3 phantoms (D:4 D:7)
  3 wolves (D:9)
  A necrophage (D:7)
  3 centaurs (D:2 D:4 D:5)
  8 ogres (D:4 D:5 D:6 D:7 D:9)
  2 big kobolds (D:7 D:9)
  7 bullfrogs (D:7 D:8 D:9)
  Dowan (D:7)
  A wyvern skeleton (D:4)
  2 scorpions (D:7 D:9)
  12 killer bees (D:8 D:9)
  3 howler monkeys (D:6 D:9)
  4 wights (D:7)
  7 crimson imps (D:5 D:6 D:8 D:9 D:10)
  A jelly (D:5)
  9 orc priests (D:4 D:7 D:8 D:9)
  7 hounds (D:4 D:5 D:6 D:8 D:9)
  3 bullfrog skeletons (D:4 D:5 D:9)
  8 orc wizards (D:4 D:7 D:8)
  8 worker ants (D:4 D:5 D:6 D:7)
  A hound zombie (D:5)
  4 hound skeletons (D:4 D:9)
  4 gnolls (D:3 D:4)
  15 adders (D:2 D:3 D:4 D:5 D:7)
  2 shadow imps (D:5)
  An adder skeleton (D:4)
  5 worms (D:2 D:4 D:5 D:6)
  A dart slug (D:2)
  4 leopard geckos (D:1 D:3 D:7)
  34 orcs (D:4 D:5 D:6 D:7 D:8)
  9 giant cockroaches (D:1 D:2 D:3 D:4 D:5)
  13 hobgoblins (D:1 D:2 D:3)
  11 jackals (D:2 D:3 D:5)
  5 quokkas (D:3 D:4 D:7)
  5 ball pythons (D:1 D:2 D:3 D:8)
  10 bats (D:1 D:2 D:3)
  A frilled lizard (D:1)
  2 gnoll zombies (D:2)
  10 goblins (D:1 D:2 D:3)
  A jackal skeleton (D:4)
  15 kobolds (D:1 D:2 D:3 D:7 D:9)
  A leopard gecko skeleton (D:4)
  A quokka skeleton (D:4)
  10 rats (D:1 D:2 D:3)
276 creatures vanquished.

Notes
Turn   | Place    | Note
-------+----------+-------------------------------------------
     0 | D:1      | Monsterracer the Deep Dwarf Fighter began the quest for the
                  | Orb.
     0 | D:1      | Reached XP level 1. HP: 20/20 MP: 1/1
    26 | D:1      | Reached XP level 2. HP: 27/27 MP: 2/2
   477 | D:1      | Reached skill level 3 in Axes
   477 | D:1      | Reached XP level 3. HP: 30/33 MP: 3/3
   856 | D:2      | Noticed a centaur
   864 | D:2      | Reached XP level 4. HP: 26/42 MP: 4/4
   866 | D:2      | HP: 20/42 [centaur/cursed +0 shortbow (5)]
   868 | D:2      | Killed a centaur
   868 | D:2      | Reached skill level 4 in Axes
   868 | D:2      | Reached XP level 5. HP: 23/49 MP: 5/5
  1029 | D:2      | Found a basalt altar of Yredelemnul.
  1455 | D:3      | Found a snail-covered altar of Cheibriados.
  1466 | D:3      | HP: 24/49 [gnoll/+0 spear (2)]
  1737 | D:3      | Reached XP level 6. HP: 56/56 MP: 6/6
  1956 | D:4      | Reached skill level 5 in Axes
  2163 | D:4      | Found Jalyidukh's Distillery.
  2346 | D:4      | Bought a potion of curing for 42 gold pieces
  2346 | D:4      | Bought a potion of berserk rage for 70 gold pieces
  2346 | D:4      | Bought a potion of agility for 56 gold pieces
  2346 | D:4      | Bought a potion of lignification for 42 gold pieces
  2400 | D:4      | Reached skill level 5 in Shields
  2400 | D:4      | Reached XP level 7. HP: 41/64 MP: 7/7
  2481 | D:4      | Reached skill level 5 in Armour
  2540 | D:4      | HP: 25/64 [orc priest/divine providence (9)]
  2544 | D:4      | Reached skill level 6 in Axes
  3158 | D:5      | Entered Level 5 of the Dungeon
  3207 | D:5      | HP: 32/66 [sky beast (4)]
  3224 | D:5      | Found a staircase to the Ecumenical Temple.
  3232 | Temple   | Entered the Ecumenical Temple
  3330 | Temple   | Became a worshipper of Makhleb the Destroyer
  3500 | D:5      | Reached XP level 8. HP: 50/73 MP: 8/8
  3516 | D:5      | Reached skill level 1 in Invocations
  3541 | D:5      | Reached skill level 7 in Axes
  3547 | D:5      | HP: 35/73 [crimson imp (2)]
  3773 | D:5      | Reached * piety under Makhleb
  4134 | D:5      | Found a white marble altar of Elyvilon.
  4429 | D:6      | Reached skill level 5 in Fighting
  4601 | D:6      | Found Vuerph's Weapon Shoppe.
  5103 | D:7      | Reached skill level 8 in Axes
  5143 | D:7      | Noticed a hippogriff
  5152 | D:7      | HP: 33/74 [hippogriff (5)]
  5158 | D:7      | HP: 29/74 [hippogriff (1)]
  5159 | D:7      | Killed a hippogriff
  5159 | D:7      | Reached ** piety under Makhleb
  5159 | D:7      | Gained mutation: You passively map the area around you.
                  | [Deep Dwarf growth]
  5159 | D:7      | Reached XP level 9. HP: 31/81 MP: 10/10
  5609 | D:7      | HP: 39/81 [worker ant (3)]
  5694 | D:7      | Reached skill level 9 in Axes
  5766 | D:7      | Noticed Duvessa
  5766 | D:7      | Noticed Dowan
  5774 | D:7      | Killed Duvessa
  5774 | D:7      | Reached skill level 5 in Invocations
  5784 | D:7      | Killed Dowan
  5889 | D:7      | HP: 37/82 [ogre/+0 giant club (8)]
  5893 | D:7      | HP: 13/82 [ogre/+0 giant club (11)]
  5896 | D:7      | Reached *** piety under Makhleb
  5973 | D:7      | HP: 41/82 [orc warrior/+2 short sword of protection (2)]
  6019 | D:7      | Found a shadowy altar of Dithmenos.
  6143 | D:8      | HP: 39/82 [black bear (8)]
  6182 | D:8      | HP: 35/82 [orc warrior/+0 trident (12)]
  6186 | D:8      | HP: 14/82 [orc warrior/+0 trident (14)]
  6189 | D:8      | Reached XP level 10. HP: 36/91 MP: 13/13
  6281 | D:8      | HP: 44/91 [killer bee (5)]
  6286 | D:8      | HP: 40/91 [killer bee (1)]
  6291 | D:8      | HP: 17/91 [killer bee (5)]
  6296 | D:8      | Reached skill level 1 in Evocations
  6346 | D:8      | Reached skill level 10 in Axes
  6407 | D:8      | Reached **** piety under Makhleb
  6488 | D:8      | Found a blossoming altar of Fedhas.
  6530 | D:8      | Found a shimmering blue altar of Sif Muna.
  6630 | D:8      | Noticed a two-headed ogre
  6635 | D:8      | HP: 41/92 [two-headed ogre/+0 giant club (12)]
  6637 | D:8      | HP: 19/92 [two-headed ogre/+0 giant club (13)]
  6645 | D:8      | HP: 9/92 [two-headed ogre/+0 giant club (10)]
  6647 | D:8      | Killed a two-headed ogre
  7017 | D:9      | Reached ***** piety under Makhleb
  7022 | D:9      | HP: 46/92 [poisoned by a killer bee]
  7024 | D:9      | HP: 22/92 [wolf[Grum] (6)]
  7030 | D:9      | HP: 10/92 [killer bee (4)]
  7030 | D:9      | HP: 3/92 [wolf[Grum] (7)]
  7069 | D:9      | HP: 43/92 [wolf[Grum] (6)]
  7123 | D:9      | Noticed Grum
  7137 | D:9      | Killed Grum
  7427 | D:10     | Entered Level 10 of the Dungeon
  7645 | D:10     | Found a staircase to the Lair.
  7717 | D:10     | Found a sacrificial altar of Ru.
  7743 | D:10     | HP: 41/92 [orc priest/divine providence (8)]
  7761 | D:10     | HP: 42/92 [orc warrior/+0 war axe (14)]
  7773 | Lair:1   | Entered Level 1 of the Lair of Beasts
  7775 | Lair:1   | HP: 26/92 [orc warrior/+0 war axe (21)]
  7777 | Lair:1   | HP: 6/92 [orc warrior/+0 war axe (17)]
  7781 | Lair:1   | Noticed a spiny frog
  7787 | Lair:1   | HP: 22/92 [spiny frog (9)]
  7791 | Lair:1   | Noticed an eight-headed hydra
  7793 | Lair:1   | HP: 32/92 [spiny frog (17)]
  7795 | Lair:1   | Noticed a spiny frog
  7796 | Lair:1   | Killed a spiny frog
  7796 | Lair:1   | Reached skill level 11 in Axes
  7797 | Lair:1   | HP: 10/92 [nine-headed hydra (8)]
  7797 | Lair:1   | HP: 1/92 [nine-headed hydra (7)]
  7797 | Lair:1   | Slain by a nine-headed hydra

Levels and vault maps discovered:
D:1:      onia_arrival_handbag, layout_rooms, serial_bayou_pond_d
D:2:      layout_loops_corners, lemuel_zombie_altar_yredelemnul,
          minmay_misc_feat_tiny
D:3:      layout_rooms, cheibriados_altar_1
D:4:      layout_basic, serial_shops, nicolae_shop_window_shopping,
          minmay_divided_ellipse
D:5:      layout_basic, lemuel_round_altar, minmay_temple_entry_nine_rooms,
          first_ration, minmay_diced_spiral
D:6:      layout_basic, serial_shops, shop_fountains
D:7:      layout_gridville, grunt_dithmenos_shadows, uniq_duvessa
D:8:      layout_basic, lemuel_blue_sif_altar, basic_altar, grunt_pizzeria,
          lemuel_another_geyser
D:9:      layout_long_grid, uniq_grum
D:10:     layout_loops_corners, lair_entry_dummy, david_orc_5, basic_altar
Temple:   minmay_temple_bridge_d
Lair:1:   layout_gridlike, grunt_megastairs_5

Skill      XL: |  1  2  3  4  5  6  7  8  9 10 |
---------------+-------------------------------+-----
Axes           | 3 4 5 6 8 9 11 | 11.0
Fighting       | 3 4 5 6 |  6.9
Armour         | 4 5 6 7 8 |  8.3
Shields        | 4 5 6 7 8 |  8.4
Invocations    | 3 5 7 |  7.4
Evocations     | 4 |  4.1

Action                   |  1- 3 |  4- 6 |  7- 9 | 10-12 || total
-------------------------+-------+-------+-------+-------++-------
Melee: War axe           |   122 |   185 |   510 |   290 ||  1107
Throw: Throwing net      |       |       |       |     1 ||     1
 Abil: Heal Wounds       |       |     4 |    17 |    20 ||    41
Evoke: Wand              |       |       |     1 |     1 ||     2
  Use: Scroll            |       |       |    13 |     3 ||    16
       Potion            |       |       |       |     1 ||     1
 Stab: Held in net/web   |       |       |       |     1 ||     1
  Eat: Chunk             |       |     5 |    10 |     5 ||    20
       Ration            |       |       |     1 |       ||     1
Armor: Scale mail        |    63 |    83 |       |       ||   146
       Chain mail        |       |    15 |   212 |   208 ||   435
Dodge: Dodged            |    43 |    58 |   117 |   105 ||   323
Block: Shield            |    79 |   111 |   323 |   255 ||   768
